 Dungeon Crawl Stone Soup version 0.21.1-1-g345015f (webtiles) character file.

16 Goblin1989 the Insei (level 2, -4/21 HPs)
             Began as a Demonspawn Transmuter on Mar 1, 2018.
             Slain by a gnoll
             ... wielding a +0 spear
              (7 damage)
             ... on level 1 of the Dungeon.
             The game lasted 00:01:45 (727 turns).

Goblin1989 the Insei (Demonspawn Transmuter)         Turns: 727, Time: 00:01:45

Health: -4/21      AC:  2    Str: 10    XL:     2   Next: 37%
Magic:  4/5        EV: 12    Int: 14    God:
Gold:   29         SH:  0    Dex: 13    Spells: 4/5 levels left

rFire    . . .     SeeInvis .     - Unarmed
rCold    . . .     Gourm    .   (no shield)
rNeg     . . .     Faith    .   b - +0 robe
rPois    .         Spirit   .   (helmet restricted)
rElec    .         Reflect  .   (no cloak)
rCorr    .         Harm     .   (no gloves)
MR       .....                  (boots currently unavailable)
Stlth    +.........             (no amulet)
HPRegen  0.07/turn              (no ring)
MPRegen  0.09/turn              (no ring)

@: appendage
A: horns 1, talons 3
a: End Transformation


You were on level 1 of the Dungeon.
You were not hungry.
You had grown temporary talons.
You visited 1 branch of the dungeon, and saw 1 of its levels.

You collected 29 gold pieces.

Inventory:

Missiles
 a - 31 arrows
Armour
 b - a +0 robe (worn)
 f - a +0 ring mail
Scrolls
 h - a scroll of remove curse {unknown}
 j - 2 scrolls of magic mapping {unknown}
Potions
 g - a potion of flight {unknown}
Books
 c - a book of Changes

   Spells                             Type                      Level
   a - Beastly Appendage              Transmutation                1
   b - Sticks to Snakes               Transmutation                2
   c - Spider Form                    Transmutation/Poison         3
   d - Ice Form                       Ice/Transmutation            4
   e - Blade Hands                    Transmutation                5
Comestibles
 e - 3 rations
 k - 3 chunks of flesh


   Skills:
 - Level 1.0 Fighting
 - Level 1.7 Dodging
 + Level 3.4 Unarmed Combat
 - Level 2.0 Spellcasting
 - Level 1.7 Transmutations


You had 4 spell levels left.
You knew the following spells:

 Your Spells              Type           Power        Failure   Level  Hunger
a - Beastly Appendage     Tmut           #.....       12%         1    ##.....


Dungeon Overview and Level Annotations

Branches:
Dungeon (1/15)

Altars:


Innate Abilities, Weirdness & Mutations

You have a pair of small horns on your head.
You have claws for feet.


Message History

There isn't anything here!
You start resting.
A giant cockroach comes into view.
You regained 5 hp, and now have 15/21 hp.
A giant cockroach is nearby!
The giant cockroach bites you.
You take 1 damage, and have 14/21 hp.
You hit the giant cockroach but do no damage.
Your headbutt misses the giant cockroach.
The giant cockroach completely misses you.
You barely miss the giant cockroach. The giant cockroach barely misses you.
You barely miss the giant cockroach. The giant cockroach barely misses you.
You hit the giant cockroach but do no damage.
You kill the giant cockroach!
No target in view!
No target in view!
No target in view!
No target in view!
No target in view!
No target in view!
No target in view!
No target in view!
No target in view!
No target in view!
No target in view!
All of the chunks of flesh in your inventory have rotted away.
Key pressed, stopping explore.
HP restored.
You butcher the giant cockroach corpse.
k - 2 chunks of flesh Health restored: 21 You butcher the hobgoblin corpse.
k - 3 chunks of flesh (gained 1)
You see here a club. x2
A kobold comes into view.
The kobold hits you.
You take 2 damage, and have 19/21 hp.
You hit the kobold but do no damage. The kobold misses you.
You barely miss the kobold.
You kill the kobold!
No target in view!
No target in view!
No target in view!
No target in view!
No target in view!
No target in view!
No target in view!
No target in view!
No target in view!
No target in view!
No target in view!
No target in view!
No target in view!
No target in view!
No target in view!
No target in view!
No target in view!
No target in view!
You see here a kobold corpse.
A goblin comes into view.
The goblin moves out of view.
Health restored: 21 The goblin hits you.
You take 2 damage, and have 19/21 hp.
You hit the goblin but do no damage. The goblin hits you.
You take 3 damage, and have 16/21 hp.
You hit the goblin.
You kill the goblin!
No target in view!
No target in view!
No target in view!
No target in view!
No target in view!
No target in view!
No target in view!
No target in view!
No target in view!
No target in view!
No target in view!
No target in view!
No target in view!
No target in view!
No target in view!
No target in view!
No target in view!
You regained 2 hp, and now have 18/21 hp.
No target in view!
The gnoll shouts!
Casting: Beastly Appendage
Confirm with . or Enter, or press ? or * to list all spells.
Your feet morph into talons.
The gnoll hits you from afar with a spear!
* * * LOW HITPOINT WARNING * * *
You take 10 damage, and have 9/21 hp.
MASSIVE DAMAGE!!
You now have 4/5 mp.
The gnoll hits you with a spear.
* * * LOW HITPOINT WARNING * * *
You take 6 damage, and have 3/21 hp.
MASSIVE DAMAGE!!
You closely miss the gnoll. Your kick misses the gnoll. The gnoll misses you.
You completely miss the gnoll. The gnoll hits you with a spear!
You die...

██.█.█...███.g.
█........█ █..█.....█ █
█..█████.█ .█ ███ █..█...
.█ ..█ █.. █.†█.█████
...█. █.█ █......█
....█.██████.█
█..█.█.███.....∆........█
█.......@g.....█.........
██████████.(...█P........
....█≈P.......
████≈≈P...... █≈≈≈P.....
█≈≈≈≈P.... █≈≈≈≈≈P.<.
█≈≈≈≈P.... █≈≈≈P.....


You could see a gnoll.

Vanquished Creatures
  A dart slug (D:1)
  2 giant cockroaches (D:1)
  A goblin (D:1)
  3 hobgoblins (D:1)
  3 kobolds (D:1)
  A bat (D:1)
  A rat (D:1)
12 creatures vanquished.

Notes
Turn   | Place    | Note
-------+----------+-------------------------------------------
     0 | D:1      | Goblin1989 the Demonspawn Transmuter began the quest for the Orb.
     0 | D:1      | Reached XP level 1. HP: 15/15 MP: 3/3
    73 | D:1      | Reached skill level 3 in Unarmed Combat
   394 | D:1      | Gained mutation: You have a pair of small horns on your head. [demonic ancestry]
   394 | D:1      | Reached XP level 2. HP: 19/21 MP: 5/5
   727 | D:1      | Slain by a gnoll

Skill      XL: |  1 |
---------------+----+-----
Unarmed Combat | 3 |  3.4
Fighting       | |  1.0
Dodging        | |  1.7
Spellcasting   | |  2.0
Transmutations | |  1.7

Action                   || total
-------------------------++-------
Melee: Unarmed           ||    45
       Headbutt          ||     4
 Cast: Beastly Appendage ||     2
Armor: Robe              ||     7
Dodge: Dodged            ||    20

Vault maps used:
D:1:      eino_arrival_druids_welcome
